 Dungeon Crawl Stone Soup version 0.30-a0-360-g447f08457e (webtiles) character file.

Game seed: 5724868699813558899

433 dracfodder the Conjurer (level 6, 0/46 HPs)
             Began as a Draconian Conjurer on Nov 13, 2022.
             Slain by a kobold brigand
             ... wielding a +0 dagger
              (4 damage)
             ... in a sewer.
             The game lasted 00:22:15 (3901 turns).

dracfodder the Conjurer (Draconian Conjurer)        Turns: 3901, Time: 00:22:17

Health: 0/46       AC:  6    Str: 10    XL:     6   Next: 67%
Magic:  1/11       EV: 12    Int: 26    God:
Gold:   115        SH:  0    Dex:  9    Spells: 4/12 levels left

rFire   . . .      SeeInvis .    d - +0 war axe
rCold   . . .      Faith    .    (no shield)
rNeg    . . .      Spirit   .    (body armour unavailable)
rPois   .          Reflect  .    (helmet restricted)
rElec   .          Harm     .    (no cloak)
rCorr   .          Rampage  .    (no gloves)
Will    .....                    (no boots)
Stlth   ++........               (no amulet)
HPRegen 0.27/turn                k - +6 ring of intelligence
MPRegen 0.12/turn                (no ring)

@: lethally poisoned (0 -> -5), flying, slowed, very slow
A: AC +6, unfitting armour, cold-blooded
a: no special abilities


You were in a sewer.
You visited 1 branch of the dungeon, and saw 4 of its levels.
You also visited: Sewer.

You collected 115 gold pieces.

Inventory:

Hand Weapons
 d - a +0 war axe (weapon)
Jewellery
 k - a +6 ring of intelligence (left hand)
 l - a +6 ring of strength
Wands
 j - a wand of polymorph (9)
Scrolls
 g - a scroll of brand weapon {unknown}
 m - 2 scrolls of enchant armour
 p - a scroll of magic mapping {unknown}
Potions
 b - 5 potions of curing {unknown}
 c - a potion of heal wounds {unknown}
 e - a potion of lignification {unknown}
 f - 2 potions of mutation {unknown}
 h - 2 potions of degeneration {unknown}
 i - a potion of attraction {unknown}
 n - a potion of might {unknown}
 o - 2 potions of invisibility {unknown}


   Skills:
 + Level 0.8 Fighting
 + Level 1.3(1.4) Axes
 + Level 0.7(1.2) Maces & Flails
 + Level 2.4 Dodging
 + Level 2.4 Stealth
 + Level 3.7 Spellcasting
 + Level 5.6 Conjurations
 + Level 1.6 Air Magic
 + Level 1.7 Poison Magic


You had 4 spell levels left.
You knew the following spells:

 Your Spells              Type           Power      Damage    Failure   Level
a - Magic Dart            Conj           100%       1d8       1%          1
b - Searing Ray           Conj           66%        2d6       1%          2
c - Poisonous Vapours     Pois/Air       26%        N/A       7%          2
d - Mephitic Cloud        Conj/Pois/Air  20%        N/A       8%          3

Your spell library contained the following spells:

 Spells                   Type           Power      Damage    Failure   Level
 Cigotuvi's Dreadful Rot  Necr/Pois/Air  20%        N/A       9%          2
 Dazzling Flash           Conj/Hex       38%        N/A       9%          3
 Fulminant Prism          Conj/Hex       9%         3d7       28%         4
 Iskenderun's Mystic Bla  Conj/Tloc      19%        2d6       28%         4
 Airstrike                Air            6%         2d(1-17)  41%         4
 Summon Lightning Spire   Summ/Air       9%         N/A       52%         4
 Lightning Bolt           Conj/Air       11%        1d24      50%         5


Dungeon Overview and Level Annotations

Branches:
Dungeon (3/15)              Sewer (1/1)

Altars:


Innate Abilities, Weirdness & Mutations

Your plain brown scales are hard. (AC +6)
You cannot fit into any form of body armour.
You are cold-blooded and may be slowed by cold attacks.


Message History

The searing ray hits the kobold brigand.
The kobold brigand is almost dead.
The searing ray misses the kobold brigand.
The kobold brigand hits the kobold brigand with a +0 whip!
The searing ray hits the kobold brigand.
You kill the kobold brigand!
The searing ray hits the kobold brigand.
The kobold brigand is heavily wounded.
You finish channelling your searing ray.
You swing at nothing.
The kobold brigand throws a curare-tipped dart.
The curare-tipped dart hits you.
You are poisoned.
You have difficulty breathing.
You feel yourself slow down.
You swing at nothing.
You feel very sick.
The kobold brigand throws a curare-tipped dart.
The curare-tipped dart closely misses you.
The kobold brigand throws a curare-tipped dart.
The curare-tipped dart hits you.
You are more poisoned.
You have difficulty breathing.
You feel as though you will be slow longer.
You feel very sick.
The kobold brigand throws a curare-tipped dart.
The curare-tipped dart barely misses you.
You barely miss the kobold brigand.
The kobold brigand is heavily wounded.
* * * LOW HITPOINT WARNING * * *
You feel very sick.
The kobold brigand hits you with a +0 dagger.
* * * LOW HITPOINT WARNING * * *
The kobold brigand barely misses you.
It was a potion of flight.
You feel very buoyant.
You fly up into the air.
* * * LOW HITPOINT WARNING * * *
You feel very sick.
The kobold brigand hits you with a +0 dagger.
You die...

##### ##### #.~.##
##...## #
..~.~#####..~..#####~..#
.)..~รท~~~~...~..@K).!..#
.....#####~.~..#####.!.#
#.~~## ##~~.## # ##~##
##~## #~# #~# #~# #~#
##~## ##~## ##### #~.~##
##.~.## ##.~.##
.~~~.#####.....####~...~#


You could see a kobold brigand.

Vanquished Creatures
  3 kobold brigands (Sewer)
  An orc priest (D:2)
  Jessica (D:2)
  3 adders (Sewer)
  3 river rats (Sewer)
  5 worms
  4 dart slugs
  7 orcs
  6 ball pythons
  6 bats
  5 endoplasms
  4 giant cockroaches
  5 goblins
  9 hobgoblins
  5 jackals
  2 quokkas (D:1)
  3 frilled lizards (D:1)
  12 kobolds
  6 rats
90 creatures vanquished.

Vanquished Creatures (others)
  5 plants (D:1)
5 creatures vanquished.

Grand Total: 95 creatures vanquished

Notes
Turn   | Place    | Note
-------+----------+-------------------------------------------
     0 | D:1      | dracfodder the Draconian Conjurer began the quest for the
                  | Orb.
     0 | D:1      | Reached XP level 1. HP: 14/14 MP: 3/3
   330 | D:1      | Reached XP level 2. HP: 20/20 MP: 0/5
   487 | D:1      | Learned a level 2 spell: Searing Ray
   704 | D:1      | Reached XP level 3. HP: 26/26 MP: 1/6
  1052 | D:1      | Found a faded altar of an unknown god.
  1340 | D:2      | Learned a level 2 spell: Poisonous Vapours
  1421 | D:2      | Reached skill level 5 in Conjurations
  1421 | D:2      | Reached XP level 4. HP: 25/33 MP: 1/7
  1535 | D:2      | Noticed Jessica
  1539 | D:2      | Killed Jessica
  2123 | D:2      | Learned a level 3 spell: Mephitic Cloud
  2494 | D:2      | Reached XP level 5. HP: 38/38 MP: 5/9
  2728 | D:3      | Identified the +1 leather armour of the Black Moon {rElec
                  | rN++ Will- rCorr}
  2919 | D:3      | You fall into a shaft and drop 2 floors!
  2919 | D:5      | Entered Level 5 of the Dungeon
  3036 | D:5      | Found a glowing drain.
  3040 | Sewer    | Entered a sewer
  3322 | Sewer    | Reached skill level 1 in Air Magic
  3528 | Sewer    | Reached XP level 6. HP: 46/46 MP: 6/11
  3698 | Sewer    | Reached skill level 1 in Poison Magic
  3895 | Sewer    | Reached skill level 1 in Axes
  3901 | Sewer    | Slain by a kobold brigand

Illustrated notes

Levels and vault maps discovered:
D:1:      minmay_arrival_open_corners, layout_rooms,
          dilly_ecumenical_altar_fadedgnrine
D:2:      layout_basic, uniq_jessica
D:3:      layout_basic
D:5:      layout_gridville, minmay_temple_entry_statues_pillars,
          gup_sewer_entry_bowl
Sewer:    sewer_co_15_rooms

Skill      XL: |  1  2  3  4  5  6 |
---------------+-------------------+-----
Stealth        | 2 |  2.4
Dodging        | 2 |  2.4
Conjurations   | 5 |  5.6
Spellcasting   | 3 |  3.7
Air Magic      | 1 |  1.6
Poison Magic   | 1 |  1.7
Axes           | 1 |  1.3
Fighting       | |  0.8
Maces & Flails | |  0.7

Action                   |  1- 3 |  4- 6 || total
-------------------------+-------+-------++-------
Melee: Club              |    43 |       ||    43
       Tailslap          |     4 |     2 ||     6
       War axe           |     7 |    17 ||    24
       Punch             |       |     1 ||     1
 Cast: Magic Dart        |    70 |    40 ||   110
       Searing Ray       |     2 |    15 ||    17
       Poisonous Vapours |     1 |    15 ||    16
       Mephitic Cloud    |       |     4 ||     4
  Use: Potion            |     1 |     1 ||     2
       Scroll            |       |     3 ||     3
Armor: Skin              |    24 |     3 ||    27
Dodge: Dodged            |    42 |    10 ||    52

Table legend: (Time is in decaauts)
 A = Elapsed time spent in this place.
 B = Non-inter-level travel time spent in this place.
 C = Inter-level travel time spent in this place.
 D = Time resting spent in this place.
 E = Time spent auto-exploring this place.
 F = Levels seen in this place.
 G = Mean time per level.
                   A        B        C        D        E       F      G
               +--------+--------+--------+--------+--------+-----+--------+
         Total |   3985 |   3910 |     75 |   2105 |   1054 |   5 |  797.0 |
       Dungeon |   3061 |   2986 |     75 |   1524 |    983 |   4 |  765.2 |
         Sewer |    923 |    923 |      0 |    581 |     71 |   1 |  923.0 |
               +--------+--------+--------+--------+--------+-----+--------+

Top non-repeatable levels by time:
     D:2: 1560 daAuts
     D:1: 1094 daAuts
   Sewer: 923 daAuts
     D:3: 282 daAuts
     D:5: 124 daAuts
